 Dungeon Sprint DCSS version 0.24.0-125-gc4c63601f3 (webtiles) character file.

Game seed: 5093309927995168970, levelgen mode: deterministic

0 Ponchio the Geomancer (level 4, 0/24 HPs)
             Began as a Deep Elf Earth Elementalist on Mar 12, 2020.
             Was a Follower of Vehumet.
             Slain by a gnoll sergeant
             ... wielding a +2 trident of protection
              (11 damage)
             ... in the Dungeon (Sprint VI: "Thunderdome").
             The game lasted 00:03:50 (76 turns).

Ponchio the Geomancer (Deep Elf Earth Elementalist)   Turns: 76, Time: 00:03:50

Health: 0/24       AC:  2    Str:  5    XL:     4   Next: 63%
Magic:  16/16      EV: 13    Int: 21    God:    Vehumet [*.....]
Gold:   200        SH:  0    Dex: 15    Spells: 18/19 levels left

rFire    . . .     SeeInvis .   (no weapon)
rCold    . . .     Gourm    .   (no shield)
rNeg     . . .     Faith    .   c - +0 robe
rPois    .         Spirit   .   (no helmet)
rElec    .         Reflect  .   (no cloak)
rCorr    .         Harm     .   (no gloves)
MR       .....     NoTele   +   (no boots)
Stlth    ++........             (no amulet)
HPRegen  0.08/turn              (no ring)
MPRegen  0.15/turn              (no ring)

@: very slightly contaminated, hasted, very quick
A: no striking features
a: Renounce Religion


You were in the Dungeon.
You worshipped Vehumet.
Vehumet was aware of your devotion.
You were not hungry.

You visited 1 branch You collected 200 gold pieces.

Inventory:

Hand Weapons
 n - a +0 halberd
Missiles
 b - 8 stones (quivered)
Armour
 c - a +0 robe (worn)
 o - a +0 cloak
Wands
 k - a wand of acid (5)
 l - a wand of iceblast (5)
Scrolls
 j - 3 scrolls of blinking
 m - 3 scrolls of fog
Potions
 a - a potion of resistance
 e - a potion of curing
 f - 2 potions of heal wounds
 g - 3 potions of haste
 i - a potion of berserk rage
Comestibles
 d - a ration


   Skills:
 - Level 2.4 Dodging
 - Level 2.4 Stealth
 + Level 8.2 Spellcasting
   Level 1.1 Transmutations
 + Level 8.5 Earth Magic


You had 18 spell levels left.
You knew the following spells:

 Your Spells              Type           Power        Failure   Level  Hunger
a - Sandblast             Erth           #####.       1%          1    None

Your spell library contained the following spells:

 Spells                   Type           Power        Failure   Level  Hunger
 Magic Dart               Conj           #...         8%          1    None
 Passwall                 Tmut/Erth      ####....     1%          2    None
 Stone Arrow              Conj/Erth      ####..       4%          3    None
 Lee's Rapid Deconstruct  Erth           #####.....   6%          5    #####..
 Petrify                  Tmut/Erth      ####....     11%         4    ###....


Dungeon Overview and Level Annotations

Branches:
Dungeon (1/1)

Altars:
Cheibriados
Gozag
Kikubaaqudgha
Makhleb
Qazlal
Sif Muna
Uskayaw
Vehumet
Wu Jian
Xom
Zin
The Shining One
Beogh
Jiyva
Lugonu

Shops:
D ??:(!!!!


Message History

b - 10 stones
Casting: Sandblast (safe; 1% risk of failure)
Confirm with . or Enter, or press ? or * to list all spells.
Aiming: Sandblast (safe; 1% risk of failure)
Press: ? - help, Shift-Dir - straight line, f/p - gnoll sergeant
Aim: a gnoll sergeant, wielding a +2 trident of protection and wearing a +0 scale mail (lightly wounded)
The blast of sand misses the gnoll sergeant.
b - 9 stones The gnoll sergeant misses you.
Magic courses through your body.
Casting: Sandblast (safe; 1% risk of failure)
Confirm with . or Enter, or press ? or * to list all spells.
Aiming: Sandblast (safe; 1% risk of failure)
Press: ? - help, Shift-Dir - straight line, f/p - gnoll sergeant
Aim: a gnoll sergeant, wielding a +2 trident of protection and wearing a +0 scale mail (lightly wounded)
The blast of sand hits the gnoll sergeant.
The gnoll sergeant is lightly wounded.
b - 8 stones The gnoll sergeant hits you from afar with a +2 trident of protection!
You die...

##∩.....∩## #∩.......∩#
#_......._# #_......._#
#_......._#
##.........###
⌠...†.......⌠#
.8..)).....8.######
.....###g.....__@∩#
...8.# #.8....)...∩#
.....###......g......#
..###...###..........⌠#
g. #.<.# #..........⌠#
.. #...###..........⌠#
. ...###.............##
...8. #.8........∩###
.... #.......__∩#


You could see a gnoll sergeant.

Vanquished Creatures
  A gnoll sergeant (D)
  Crazy Yiuf (D)
  2 gnolls (D)
4 creatures vanquished.

Notes
Turn   | Place    | Note
-------+----------+-------------------------------------------
     0 | D        | Ponchio the Deep Elf Earth Elementalist began the quest for
                  | the Orb.
     0 | D        | Reached XP level 1. HP: 10/10 MP: 6/6
     3 | D        | Found a glowing golden altar of the Shining One.
     3 | D        | Found a glowing silver altar of Zin.
     4 | D        | Found an ancient bone altar of Kikubaaqudgha.
     4 | D        | Found a snail-covered altar of Cheibriados.
     5 | D        | Found an opulent altar of Gozag.
     5 | D        | Found a corrupted altar of Lugonu.
     5 | D        | Round 1.
     6 | D        | Found an ornate altar of the Wu Jian Council.
     6 | D        | Found a burning altar of Makhleb.
     6 | D        | Found Wyrphunu's Staff Store.
     6 | D        | Found Himid's Magic Scroll Shop.
     7 | D        | Found a radiant altar of Vehumet.
     7 | D        | Found Hucwets's Must-Have Magic.
     7 | D        | Found Tummeu's Magic Scroll Shop.
     8 | D        | Found Caoclori's Distillery.
     9 | D        | Found Conif's Distillery.
     9 | D        | Found Muec's Bottled Wisdom.
    15 | D        | Became a worshipper of Vehumet
    23 | D        | Noticed Crazy Yiuf
    30 | D        | Reached skill level 5 in Earth Magic
    30 | D        | Reached XP level 2. HP: 15/15 MP: 3/9
    31 | D        | Found a hide-covered altar of Uskayaw.
    32 | D        | Found a roughly hewn altar of Beogh.
    38 | D        | Killed Crazy Yiuf
    38 | D        | Reached skill level 5 in Spellcasting
    38 | D        | Reached XP level 3. HP: 19/19 MP: 0/12
    42 | D        | Found a stormy altar of Qazlal.
    43 | D        | Noticed a gnoll sergeant
    49 | D        | Reached * piety under Vehumet
    49 | D        | Offered knowledge of Magic Dart by Vehumet.
    52 | D        | Found a shimmering altar of Xom.
    52 | D        | Found a viscous altar of Jiyva.
    52 | D        | Found Reumuqef's Do-It-Yourself Clinic.
    57 | D        | Found a shimmering blue altar of Sif Muna.
    58 | D        | Noticed a gnoll sergeant
    70 | D        | Killed a gnoll sergeant
    70 | D        | Reached XP level 4. HP: 11/24 MP: 4/16
    76 | D        | Slain by a gnoll sergeant

Levels and vault maps discovered:
D:        arena_sprint

Skill      XL: |  1  2  3 |
---------------+----------+-----
Spellcasting   | 4 5 8 |  8.2
Earth Magic    | 5 6 8 |  8.5
Dodging        | |  2.4
Stealth        | |  2.4
Transmutations | |  1.1

Action                   |  1- 3 |  4- 6 || total
-------------------------+-------+-------++-------
 Cast: Sandblast         |    17 |     5 ||    22
  Use: Potion            |     3 |     2 ||     5
       Scroll            |     1 |       ||     1
Dodge: Dodged            |     5 |     1 ||     6
